cohdb
Replays
Latest Replays
All Replays
Popular Replays
Top Player Replays
Match Explorer
How It Works
Community
CoH3 Stats
Reddit
Sign in to upload your games and track your stats! →
Sign in with Steam
Match 46176519
Unlisted
Match 46176519
Overview
Messages
Build Orders
End
Construct Section Command Post
Infantry Section
Infantry Section
Vickers Machine Gun Team
ML 3-inch Mortar Team
Construct Field Infirmary
Construct Platoon Command Post
Selects Australian Defense Battlegroup
Selects Australian Light Infantry Section
Selects 2-pounder Anti-tank Gun Team
2-pounder Anti-tank Gun Team
Humber Armored Car
Vickers Machine Gun Team
Infantry Training
Team Weapon Training
Grenade Package
Royal Engineer Section
6-pounder Anti-tank Gun Team
AI Takeover
DebaKLeTV
dinozzabrik
Biboran
John Bigby
0
0
Comments
sign in to comment!
No comments posted yet!